 Dungeon Crawl Stone Soup version 0.31.0-11-ge490571c62 (webtiles) character file.

Game seed: 16379059991095754982

2961160 iamserjio the Slayer (level 27, 207/207 HPs)
             Began as a Vampire Fire Elementalist on Jan 26, 2024.
             Was a High Priest of Hepliaklqana.
             Escaped with the Orb
             ... and 5 runes
             ... and 1 gem!
             The game lasted 03:14:50 (81134 turns).

iamserjio the Slayer (Vampire Fire Elementalist)   Turns: 81134, Time: 03:14:51

Health: 207/207    AC: 28    Str: 16    XL:     27
Magic:  39/39      EV: 30    Int: 24    God:    Hepliaklqana [*****.]
Gold:   374        SH: 24    Dex: 24    Spells: 7/50 levels left

rFire   + + .        H - +8 autumn katana {manifold assault}
rCold   + + .        Y - +5 kite shield
rNeg    + . .        C - +9 scale mail of the Dragon {+Inv Str+2 Int-4 Dex+3}
rPois   .            Q - +2 helmet {Int+3}
rElec   +            x - scarf {rC+ rF+}
rCorr   .            o - +2 pair of gloves
SInv    +            W - +0 pair of boots "Mymism" {^Contam rF+ Will+ Stlth+}
Will    ++++.        D - amulet "Qaafis" {Reflect rElec Str+5 SH+5}
Stlth   +            j - ring "Ofycrai" {rC+ EV+5 Dex+2 Stlth+}
HPRegen 0.74/turn    q - ring of positive energy
MPRegen 0.26/turn

%: reflection
@: healing quickly, studying Summonings
A: reduced essence, alive, fangs 3, see invisible, vampiric 2, strong-willed 1,
inability to drink after injury 1, MP-powered wands
0: Orb of Zot
}: 5/15 runes: barnacled, slimy, silver, abyssal, gossamer
a: Exsanguinate, Renounce Religion, Evoke Invisibility, Recall Ancestor,
Ancestor Identity, Transference, Idealise


You escaped.
You worshipped Hepliaklqana.
Hepliaklqana was extremely pleased with you.
You visited 11 branches of the dungeon, and saw 53 of its levels.
You visited the Abyss 2 times.
You visited 1 bazaar.
You also visited: Ossuary and Wizlab.

You collected 8018 gold pieces.
You spent 7644 gold pieces at shops.

Inventory:

Hand Weapons
 b - a +6 double sword of flaming
 l - a +1 antimagic long sword
 y - a +8 vampiric scimitar
 H - the +8 autumn katana (weapon) {manifold assault}
   (You took it off a balrug in a wizard's laboratory)
Missiles
 I - 4 throwing nets (quivered) {!f}
Armour
 f - the +10 plate armour "Reatouf" {Dex+4}
   (You found it on level 4 of the Vaults)

   Dex+4:     It affects your dexterity (+4).
 o - a +2 pair of gloves (worn)
 x - a scarf of resistance (worn)
 C - the +9 scale mail of the Dragon (worn) {+Inv Str+2 Int-4 Dex+3}
   (You took it off a merfolk impaler on level 4 of the Shoals)

   Str+2:     It affects your strength (+2).
   Int-4:     It affects your intelligence (-4).
   Dex+3:     It affects your dexterity (+3).
   +Inv:      It lets you turn invisible.
 L - +5 storm dragon scales
 Q - a +2 helmet of intelligence (worn)
 W - the +0 pair of boots "Mymism" (worn) {^Contam rF+ Will+ Stlth+}
   (You found it on level 3 of the Elven Halls)

   rF+:       It protects you from fire.
   Will+:     It increases your willpower.
   ^Contam:   It causes magical contamination when unequipped.
   Stlth+:    It makes you more stealthy.
 Y - a +5 kite shield (worn)
Jewellery
 g - the ring "Igaitout" {Will+ SInv}
   (You took it off a deep elf pyromancer on level 2 of the Elven Halls)

   [ring of see invisible]

   Will+:     It increases your willpower.
   SInv:      It lets you see invisible.
 i - a ring of flight
 j - the ring "Ofycrai" (left hand) {rC+ EV+5 Dex+2 Stlth+}
   (You bought it in a shop on level 2 of the Depths)

   [ring of evasion]

   EV+5:      It affects your evasion (+5).
   Dex+2:     It affects your dexterity (+2).
   rC+:       It protects you from cold.
   Stlth+:    It makes you more stealthy.
 k - a ring of resist corrosion
 q - a ring of positive energy (right hand)
 t - the ring of Athos {Fire Will+ Str+3 Int+4 Dex-3}
   (You took it off a deep elf archer on level 3 of the Elven Halls)

   [ring of fire]

   Fire:      It enhances your fire magic.
   Str+3:     It affects your strength (+3).
   Int+4:     It affects your intelligence (+4).
   Dex-3:     It affects your dexterity (-3).
   rF+:       It protects you from fire.
   rC-:       It makes you vulnerable to cold.
   Will+:     It increases your willpower.
 v - the ring "Jixo" {rF+ Will+++ EV+5 Int-4 Dex+2}
   (You took it off a yaktaur on level 5 of the Vaults)

   [ring of evasion]

   EV+5:      It affects your evasion (+5).
   Int-4:     It affects your intelligence (-4).
   Dex+2:     It affects your dexterity (+2).
   rF+:       It protects you from fire.
   Will+++:   It greatly increases your willpower.
 A - the ring "Imoic Nee" {rElec rC+}
   (You took it off a hell knight on level 4 of the Depths)

   [ring of protection from cold]

   rC+:       It protects you from cold.
   rElec:     It insulates you from electricity.
 D - the amulet "Qaafis" (around neck) {Reflect rElec Str+5 SH+5}
   (You took it off a merfolk on level 4 of the Shoals)

   [amulet of reflection]

   Reflect:   It reflects blocked missile attacks.
   Str+5:     It affects your strength (+5).
   rElec:     It insulates you from electricity.
   SH+5:      It affects your SH (+5).
 J - the ring "Hacs" {rPois AC+4}
   (You took it off a merfolk impaler on level 4 of the Shoals)

   [ring of protection]

   AC+4:      It affects your AC (+4).
   rPois:     It protects you from poison
 K - a ring of protection from fire
 M - the ring of Internal Strife {MP+9 Int+6 SInv}
   (You bought it in a shop on level 6 of the Dungeon)

   [ring of intelligence]

   Int+6:     It affects your intelligence (+6).
   MP+9:      It affects your magic capacity (+9).
   SInv:      It lets you see invisible.
 R - a ring of wizardry
 T - the ring "Onicixt" {rF- Will+++ MP+9 Str+4 Slay+3}
   (You took it off a vampire mage on level 4 of the Depths)

   [ring of magical power]

   Str+4:     It affects your strength (+4).
   Slay+3:    It affects your accuracy & damage with ranged weapons and melee
   (+3).
   rF-:       It makes you vulnerable to fire.
   Will+++:   It greatly increases your willpower.
   MP+9:      It affects your magic capacity (+9).
 V - the amulet "Esmul" {Acrobat rF+++ Str+3 Int-2 Slay+2}
   (You found it on level 10 of the Dungeon)

   [amulet of the acrobat]

   Acrobat:   It increases your evasion while moving and waiting.
   Str+3:     It affects your strength (+3).
   Int-2:     It affects your intelligence (-2).
   Slay+2:    It affects your accuracy & damage with ranged weapons and melee
   (+2).
   rF+++:     It renders you almost immune to fire.
Wands
 p - a wand of charming (52)
 B - a wand of iceblast (6) {@v2}
 F - a wand of digging (3) {@v3}
 Z - a wand of quicksilver (21)
Scrolls
 d - 5 scrolls of summoning
 m - a scroll of immolation
 n - 3 scrolls of fog
 s - 2 scrolls of vulnerability
 u - 4 scrolls of fear
 w - 6 scrolls of teleportation {@r3}
 z - 9 scrolls of blinking {@r4}
Potions
 a - 2 potions of ambrosia
 c - 4 potions of magic
 h - 6 potions of haste {@q4}
 r - 6 potions of heal wounds {@q2}
 E - 5 potions of might {@q3}
 G - 16 potions of curing {@q1}
 O - 6 potions of cancellation
 P - 2 potions of berserk rage
 S - 8 potions of mutation
 U - 3 potions of invisibility
Miscellaneous
 e - a sack of spiders (inert)
 N - a tin of tremorstones (2/2)
 X - a phantom mirror


   Skills:
 - Level 22.0 Fighting
 + Level 20.2 Long Blades
 - Level 15.0 Armour
 - Level 21.7 Dodging
 - Level 3.0 Stealth
 - Level 12.0 Shields
 - Level 12.0 Spellcasting
 - Level 0.7 Conjurations
 - Level 10.0 Hexes
 - Level 19.2 Summonings
 - Level 8.0 Translocations
 - Level 2.7 Fire Magic
 - Level 6.1 Air Magic
 - Level 5.0 Earth Magic
 - Level 11.0 Invocations
 - Level 12.0 Evocations


You had 7 spell levels left.
You knew the following spells:

 Your Spells              Type           Power      Damage    Failure   Level
a - Passage of Golubria   Tloc           51%        N/A       8%          4
b - Summon Forest         Summ/Tloc      34%        N/A       2%          5
c - Summon Lightning Spi  Summ/Air       66%        N/A       1%          4
d - Monstrous Menagerie   Summ           41%        N/A       7%          7
e - Vhi's Electric Charg  Tloc/Air       96%        N/A       11%         4
f - Apportation           Tloc           100%       N/A       1%          1
g - Summon Mana Viper     Hex/Summ       71%        N/A       1%          5
h - Passwall              Erth           38%        N/A       8%          3
i - Summon Cactus Giant   Summ           41%        N/A       1%          6
j - Blink                 Tloc           100%       N/A       1%          2
k - Lesser Beckoning      Tloc           100%       N/A       1%          2

Your spell library contained the following spells:

 Spells                   Type           Power      Damage    Failure   Level
 Slow                     Hex            100%       N/A       1%          1
 Jinxbite                 Hex            100%       N/A       1%          2
 Call Canine Familiar     Summ           82%        N/A       1%          3
 Confusing Touch          Hex            58%        N/A       1%          3
 Sigil of Binding         Hex            58%        N/A       1%          3
 Summon Ice Beast         Ice/Summ       57%        N/A       1%          3
 Tukima's Dance           Hex            58%        N/A       1%          3
 Sandblast                Erth           76%        2d16      2%          1
 Gell's Gravitas          Tloc           51%        N/A       2%          3
 Teleport Other           Tloc           51%        N/A       2%          3
 Summon Blazeheart Golem  Fire/Summ      61%        N/A       2%          4
 Ensorcelled Hibernation  Hex/Ice        76%        N/A       4%          2
 Inner Flame              Hex/Fire       44%        N/A       4%          3
 Dimensional Bullseye     Hex/Tloc       27%        N/A       4%          4
 Martyr's Knell           Necr/Summ      57%        N/A       4%          4
 Momentum Strike          Conj/Tloc      70%        3d9       5%          2
 Dazzling Flash           Conj/Hex       80%        N/A       7%          3
 Volatile Blastmotes      Fire/Tloc      80%        2d16      7%          3
 Summon Hydra             Summ           41%        N/A       7%          7
 Static Discharge         Conj/Air       60%        3-6/arc   8%          2
 Manifold Assault         Tloc           51%        N/A       8%          4
 Mercury Vapours          Alch/Air       58%        N/A       9%          2
 Foxfire                  Conj/Fire      88%        2x1d8     11%         1
 Scorch                   Fire           54%        2d7       11%         2
 Cigotuvi's Dreadful Rot  Necr/Alch/Air  48%        N/A       14%         2
 Kiss of Death            Conj/Necr      64%        2d10      19%         1
 Stone Arrow              Conj/Erth      56%        3d10      19%         3
 Necrotise                Necr           56%        1d6       21%         1
 Silence                  Hex/Air        26%        N/A       21%         5
 Mephitic Cloud           Conj/Alch/Air  25%        N/A       24%         3
 Anguish                  Hex/Necr       19%        N/A       26%         4
 Sublimation of Blood     Necr           14%        N/A       30%         2
 Iskenderun's Mystic Bla  Conj/Tloc      35%        2d8       34%         4
 Fugue of the Fallen      Necr           14%        N/A       52%         3
 Ozocubu's Armour         Ice            14%        N/A       52%         3
 Vampiric Draining        Necr           14%        2d7       52%         3
 Brom's Barrelling Bould  Conj/Erth      28%        2d5       54%         4
 Malign Gateway           Summ/Tloc      34%        N/A       54%         7
 Leda's Liquefaction      Alch/Erth      13%        N/A       58%         4
 Petrify                  Alch/Erth      26%        N/A       58%         4
 Lee's Rapid Deconstruct  Erth           19%        3d11*     58%         5
 Metabolic Englaciation   Hex/Ice        19%        N/A       58%         5
 Yara's Violent Unravell  Hex/Alch       19%        3d9       58%         5
 Flame Wave               Conj/Fire      22%        2d8       71%         4
 Sticky Flame             Fire/Alch      20%        2d6       75%         4
 Dispersal                Tloc           25%        N/A       75%         6
 Arcjolt                  Conj/Air       15%        1d25      80%         5
 Fulminant Prism          Conj/Alch      8%         3d7       87%         4
 Animate Dead             Necr           14%        N/A       90%         4
 Dispel Undead            Necr           14%        3d10      90%         4
 Borgnjor's Vile Clutch   Necr/Erth      13%        N/A       90%         5
 Freezing Cloud           Conj/Ice/Air   12%        6-21      92%         5
 Fireball                 Conj/Fire      11%        3d7       96%         5
 Enfeeble                 Hex            29%        N/A       96%         7
 Spellforged Servitor     Conj/Summ      29%        N/A       96%         7
 Haunt                    Necr/Summ      28%        N/A       98%         7
 Alistair's Intoxication  Alch           9%         N/A       99%         5
 Curse of Agony           Necr           14%        N/A       99%         5
 Irradiate                Conj/Alch      8%         3d14      99%         5
 Iskenderun's Battlesphe  Conj           17%        2d7       99%         5
 Plasma Beam              Fire/Air       17%        2x1d29    99%         6
 Bombard                  Conj/Erth      14%        9d3       100%        6
 Conjure Ball Lightning   Conj/Air       15%        3x3d6     100%        6
 Death Channel            Necr           7%         N/A       100%        6
 Eringya's Noxious Bog    Alch           7%         4d6       100%        6
 Sculpt Simulacrum        Ice/Alch       7%         N/A       100%        6
 Starburst                Conj/Fire      11%        6d5       100%        6
 Orb of Destruction       Conj           8%         9d6       100%        7
 Ozocubu's Refrigeration  Ice            7%         4d9       100%        7
 Summon Horrible Things   Summ           41%        N/A       45%         8
 Disjunction              Tloc           25%        N/A       100%        8
 Infestation              Necr           7%         N/A       100%        8
 Lehudib's Crystal Spear  Conj/Erth      14%        10d5      100%        8
 Maxwell's Capacitive Co  Air            22%        ∞         100%        8
 Polar Vortex             Ice            7%         N/A       100%        9


Dungeon Overview and Level Annotations

Branches:
Dungeon (15/15)            Temple (1/1) D:7            Lair (5/5) D:9
 Shoals (4/4) Lair:3       Spider (4/4) Lair:3        Slime (5/5) Lair:4
    Orc (2/2) D:10            Elf (3/3) Orc:2        Vaults (5/5) D:14
  Crypt (0/3) Vaults:2     Depths (4/4) D:15            Zot (5/5) Depths:4
Ossuary (visited)          WizLab (visited)

Altars:
Ashenzari
Cheibriados
Dithmenos
Fedhas
Gozag
Hepliaklqana
Kikubaaqudgha
Makhleb
Nemelex Xobeh
Okawaru
Qazlal
Ru
Sif Muna
Trog
Uskayaw
Vehumet
Wu Jian
Xom
Yredelemnul
Jiyva

Shops:
D:6 =   Orc:2 **((   Elf:2 (   Elf:3 !   Shoals:2 :   Vaults:1 =
Vaults:3 :?=**   Vaults:4 (   Depths:2 !*[:(:==   Depths:3 ?

Portals:
Hell: Depths:1 Depths:2 Depths:3 Depths:4
Abyss: Depths:2 Depths:3 Depths:4
Pandemonium: Depths:1 Depths:2 Depths:4
Ziggurat: Depths:4
Trove: D:15 (give +8 demon trident)

Annotations:
D:5 exclusion: downstairs
D:14 exclusion: downstairs
Orc:2 exclusion: upstairs
Elf:1 20 runed translucent doors
Depths:3 2 transporters, lmSkywalker's ghost, adept DrSh
Depths:4 2 transporters


Innate Abilities, Weirdness & Mutations

Your life essence is reduced to manifest your ancestor. (-10% HP)
Your natural rate of healing is accelerated.
You have razor-sharp teeth.
You have supernaturally acute eyesight. (SInv)
You are afflicted with vampirism and can become a bat while bloodless.
You are strong-willed. (Will+)
You occasionally lose the ability to drink potions when taking damage.
You expend magic power (3 MP) to strengthen your wands.


Message History

As you read the scroll of blinking {@r4}, it crumbles to dust.
You hear an explosion! x2
There is a stone staircase leading up here.
Magic restored.
Cynebald has departed this plane of existence.
You climb upwards.
There is a stone staircase leading down here.
What level of the Dungeon? (default 1, ? - help)
Things that are here:
a +0 robe; a +0 mace; 5 poisoned darts HP restored.
You see here a +0 falchion.
There is a stone staircase leading up here.
You climb upwards.
There is a stone staircase leading down here.
Cynebald emerges from the mists of memory!
What level of the Dungeon? (default 1, ? - help)
Things that are here:
a +0 ring mail; a +0 short sword
There is a stone staircase leading up here.
You climb upwards.
There is a stone staircase leading down here.
There is a stone staircase leading up here.
You climb upwards.
There is a stone staircase leading down here.
A chaos spawn comes into view.
The chaos spawn moves out of view.
There is an open door here.
There is an open door here.
Cynebald mumbles some strange words.
Cynebald seems to speed up.
You open the door.
Cynebald points at the chaos spawn and mumbles some strange words.
The bolt of magma hits the chaos spawn!!!
The chaos spawn dies!
The chaos spawn degenerates into a cloud of primal chaos!
Blink to where?
Press: ? - help, Dir - move target
As you read the scroll of blinking {@r4}, it crumbles to dust.
You have escaped!

#.##..........#.#......#.####.#
###.##.###...##...#.....#.......#
....##.# ################........
.......###.............##..#####.
......###..#####+#####..#........
......# #.#####...#####.##.######
#.....###.###.......###[.#.#
#.....##...#.........#...#.#
##....##...'....@....+...#.##
###+####...#.........#...#..#
....# ##.###.......###.###.##
.#### #'#####...#####'# #..# .#
###....###R####...####.# .#
##.......##.##.......##.#
.#####.........#.#.........#.#
....##.........'.'.........#.#
.##.##.........#.#.........#.#


You could see the friendly Cynebald the battlemage (fast).

Vanquished Creatures
  the Royal Jelly (Slime:5)
  4 dread liches
  An orb of fire (Zot:5)
  2 ancient liches
  Xtahua (Vaults:2)
  Sojobo (Vaults:2)
  A Killer Klown (Zot:5)
  Saint Roka (Vaults:1)
  Boris (Depths:3)
  Bai Suzhen (Vaults:4)
  2 caustic shrikes (Depths:4)
  A curse toe (Zot:3)
  Nikola (Shoals:2)
  3 bone dragons (Abyss:5)
  A Hellbinder (WizLab)
  2 electric golems (Zot:5)
  A hellephant (WizLab)
  Asterion (Depths:1)
  8 tentacled monstrosities
  Mlioglotl (Spider:1)
  12 Orb Guardians (Zot:5)
  3 liches
  A walking crystal tome (Depths:4)
  A walking earthen tome (Depths:3)
  3 quicksilver dragons
  A deep elf master archer (Elf:3)
  A Hell Sentinel (Abyss:5)
  6 titans (Vaults:5)
  4 death cobs (Zot:5)
  13 acid blobs
  2 sphinxes
  5 storm dragons
  5 tentacled starspawn (Abyss:5)
  8 tengu reavers
  3 shadow dragons
  11 fire giants
  A draconian monk (Zot:5)
  A revenant (Vaults:2)
  A rockslime (Slime:3)
  Ilsuiw (Shoals:2)
  5 azure jellies (Slime:5)
  A draconian knight (Depths:4)
  A protean progenitor (Zot:5)
  4 balrugs
  3 emperor scorpions
  3 frost giants
  3 ghost moths
  A deep elf sorcerer (Vaults:5)
  3 deep elf elementalists (Elf:3)
  7 vault wardens
  4 quicksilver oozes (Slime:5)
  A broodmother (Spider:1)
  11 very ugly things
  5 formless jellyfish
  A draconian annihilator (Depths:4)
  9 ironbound preservers
  15 stone giants
  A green draconian (Zot:3)
  2 spriggan defenders
  2 vampire knights
  A lorocyproca (WizLab)
  6 black draconians
  3 ironbound thunderhulks
  A white draconian (Zot:5)
  A red draconian (Zot:5)
  2 deep elf demonologists (Elf:3)
  2 deep elf annihilators (Elf:3)
  10 deep elf death magi
  2 war gargoyles (Vaults:5)
  8 dire elephants
  7 spark wasps
  2 yellow draconians (Zot:3)
  2 purple draconians (Zot:5)
  2 blizzard demons
  9 ettins
  3 merfolk javelineers
  2 entropy weavers
  3 merfolk impalers (Shoals:4)
  6 yaktaur captains
  8 fire dragons
  5 rakshasas
  4 deep elf high priests
  4 great orbs of eyes
  3 hell beasts
  19 vault guards
  A salamander tyrant (Depths:4)
  4 ice dragons
  4 peacekeepers
  5 hydras
  3 radroaches
  3 jorogumos
  2 merfolk avatars
  Erica (D:8)
  An ogre mage (Vaults:5)
  6 ironbound frosthearts
  4 spriggan air magi
  A catoblepas (Lair:3)
  A two-headed ogre (D:10)
  17 dancing weapons
  16 death yaks
  A merfolk aquamancer (Shoals:4)
  10 centaur warriors
  5 hell hogs
  A death knight (D:14)
  4 boulder beetles
  A satyr (Shoals:2)
  4 deep troll shamans
  2 tengu warriors
  4 vampire magi
  9 demonic crawlers
  6 deep troll earth magi
  3 occultists
  Urug (D:13)
  2 naga sharpshooters (Depths:4)
  4 orc high priests
  2 spriggan berserkers
  2 soul eaters
  13 hell knights
  11 deep elf knights
  A spriggan (Depths:2)
  3 wretched stars (Abyss:5)
  2 sun demons (Abyss:5)
  A shadow wraith (Vaults:5)
  A titan skeleton (Vaults:5)
  3 skysharks
  2 sea snakes (Shoals:1)
  An iron troll (Depths:3)
  5 arcanists
  A glowing orange brain (shapeshifter) (Vaults:5)
  4 pharaoh ants
  A skeletal warrior (D:15)
  A spark wasp zombie (Depths:3)
  28 deep trolls
  A shadow demon (Depths:1)
  A goliath frog (Lair:5)
  An orb spider (shapeshifter) (Depths:3)
  6 glowing orange brains
  A spriggan simulacrum (Depths:3)
  3 sun moths
  3 flayed ghosts
  A mana viper (Zot:4)
  5 orc knights
  3 phantasmal warriors
  4 steelbarb worms
  6 orb spiders
  9 ironbound convokers
  22 deep elf pyromancers
  11 necromancers
  6 lindwurms
  16 deep elf archers
  4 large abominations
  A harpy (Shoals:4)
  15 ugly things
  19 deep elf zephyrmancers
  5 manticores
  A sphinx simulacrum (Vaults:4)
  4 orc sorcerers
  A shining eye (Slime:5)
  10 wolf spiders
  4 fauns
  17 elephants
  3 cyclopes
  2 merfolk sirens
  2 will-o-the-wisps (Abyss:1)
  16 moths of wrath
  3 salamanders (Depths:4)
  5 black mambas
  An apocalypse crab (Abyss:5)
  12 vault sentinels
  3 water nymphs (Shoals:4)
  2 torpor snails (Spider:2)
  3 kobold blastminers
  3 orange demons (WizLab)
  A guardian serpent (Depths:4)
  18 cane toads
  A torpor snail (shapeshifter) (Depths:4)
  5 smoke demons
  2 hellions
  2 rime drakes
  2 unseen horrors
  15 yaktaurs
  A kobold demonologist (D:11)
  2 freezing wraiths
  5 komodo dragons
  A tormentor (WizLab)
  3 tengu conjurers
  3 ancient zymes
  9 merfolk
  8 trolls
  4 hornets
  2 tyrant leeches (Lair:5)
  2 hellwings
  Prince Ribbit (D:8)
  10 tarantellas
  23 blink frogs
  2 snapping turtles
  6 dream sheep
  17 raiju
  A fire giant simulacrum (Vaults:3)
  5 wind drakes (Shoals:4)
  3 glass eyes
  22 jumping spiders
  26 slime creatures
  A ynoxinul (Abyss:5)
  7 air elementals
  5 wraiths
  7 water elementals
  29 yaks
  2 wyverns
  18 culicivoras
  3 wargs
  10 starcursed masses
  6 basilisks
  5 golden eyes
  8 vampire mosquitoes
  A fire elemental (Elf:2)
  2 neqoxecs
  Menkaure (D:4)
  49 redbacks
  A chaos spawn (Abyss:1)
  A glowing shapeshifter zombie (Vaults:3)
  2 swamp worms (Lair:4)
  2 human skeletons
  A nameless horror (Shoals:4)
  14 water moccasins
  A black bear (shapeshifter) (D:14)
  6 black bears
  An ice beast (Abyss:1)
  10 laughing skulls
  19 orc warriors
  8 ogres
  4 small abominations
  5 centaurs
  3 boggarts (Vaults:2)
  17 wolves
  A phantom (D:4)
  3 kobold brigands
  A brain worm (Abyss:5)
  18 bullfrogs
  2 earth elementals
  2 scorpions
  5 wights (D:7)
  7 killer bees
  A howler monkey (D:9)
  2 electric eels
  3 jellies
  11 orc priests
  4 hounds
  Crazy Yiuf (D:3)
  2 gnoll boudas
  An iron imp (Abyss:1)
  A sleepcap (D:4)
  7 hell rats
  2 iguanas
  22 orc wizards
  9 mummies
  14 gnolls
  7 adders
  A shadow imp (Abyss:1)
  A white imp (D:7)
  2 ufetubi (D:6)
  A dart slug (D:1)
  3 ribbon worms
  44 orcs
  6 ball pythons
  2 bats
  3 endoplasms
  A giant cockroach (D:2)
  A gnoll zombie (Ossuary)
  5 goblins
  6 hobgoblins
  6 jackals
  4 quokkas
  7 frilled lizards
  3 hobgoblin zombies (Ossuary)
  13 kobolds
  A kobold zombie (D:5)
  5 orc zombies
  2 rats
  4 starspawn tentacles (Abyss:5)
1456 creatures vanquished.

Vanquished Creatures (collateral kills)
  2 dread liches
  4 ancient liches (Zot:5)
  An orb of fire (Zot:5)
  Boris (Vaults:4)
  A Killer Klown (Zot:5)
  Vv (Depths:3)
  A caustic shrike (Depths:4)
  5 golden dragons
  3 bone dragons
  A hellephant (Abyss:5)
  Zenata (Vaults:2)
  A Hell Sentinel (Abyss:5)
  14 Orb Guardians
  10 tentacled monstrosities
  2 deep elf blademasters (Elf:3)
  A sphinx (Depths:1)
  A quicksilver dragon (Zot:4)
  2 titans
  A death cob (Zot:2)
  4 acid blobs
  A deep elf master archer (Elf:3)
  A kraken (Shoals:2)
  6 tentacled starspawn
  7 tengu reavers
  Donald (Shoals:4)
  Aizul (Elf:3)
  7 storm dragons
  4 shadow dragons
  6 fire giants
  6 rockslimes (Slime:5)
  A protean progenitor (Zot:4)
  3 draconian knights
  2 azure jellies (Slime:5)
  2 draconian shifters
  5 ghost moths
  2 draconian scorchers (Zot:5)
  4 frost giants
  3 vault wardens (Vaults:5)
  A balrug (WizLab)
  Louise (Spider:1)
  A deep elf elementalist (Elf:3)
  An angel (Abyss:5)
  A draconian annihilator (Zot:5)
  4 emperor scorpions
  The ghost of Kuralita the Martial Artist, a journeyman OpSh of Makhleb (D:15)
  4 quicksilver oozes (Slime:5)
  9 ironbound preservers
  2 juggernaut zombies
  2 orc warlords
  7 stone giants
  A spriggan defender (Depths:4)
  A ghoul (Vaults:2)
  14 very ugly things
  A formless jellyfish (Vaults:2)
  A deep elf demonologist (Elf:3)
  3 vampire knights
  5 green draconians
  5 purple draconians
  2 red draconians (Zot:5)
  13 starcursed masses
  3 deep elf death magi (Elf:3)
  2 spark wasps
  6 dire elephants
  2 deep elf annihilators (Vaults:5)
  3 yellow draconians
  A lorocyproca (Abyss:5)
  A bunyip (Abyss:5)
  2 war gargoyles
  4 white draconians
  3 ettins
  3 merfolk javelineers
  3 blizzard demons
  A quicksilver dragon zombie (Vaults:5)
  4 green deaths
  The ghost of flestrin the Grappler, a journeyman TrBe of Trog (D:14)
  4 deep elf high priests
  8 yaktaur captains
  4 fire dragons
  9 merfolk impalers
  2 entropy weavers
  2 ice dragons
  3 hydras
  2 great orbs of eyes
  4 hell beasts (WizLab)
  2 alligator snapping turtles
  9 vault guards
  2 jorogumos
  3 rakshasas
  5 merfolk aquamancers (Shoals:4)
  A catoblepas (Lair:2)
  A merfolk avatar (Shoals:1)
  An ironbound frostheart (Vaults:4)
  3 centaur warriors
  2 radroaches
  13 dancing weapons
  2 spriggan air magi
  3 boulder beetles
  2 deep troll shamans
  4 hell hogs
  A death yak (Lair:2)
  6 two-headed ogres
  3 tengu warriors
  A deep troll earth mage (Vaults:5)
  2 vampire magi
  2 orc high priests
  2 occultists
  A naga sharpshooter (Depths:4)
  3 spriggan berserkers
  8 thrashing horrors
  A titan zombie (Depths:1)
  5 demonic crawlers
  5 hell knights
  2 deep elf knights
  5 skysharks
  4 sun demons
  4 wretched stars
  A titan skeleton (Depths:3)
  A salamander mystic (Depths:4)
  The ghost of Millikuen the Blocker, a novice MiFi of Okawaru (D:7)
  6 sixfirhies
  A pharaoh ant (Spider:3)
  6 orb spiders
  4 iron trolls
  An orb spider (shapeshifter) (Vaults:5)
  4 sea snakes
  2 shadow demons
  3 glowing orange brains
  22 deep trolls
  5 lindwurms
  5 deep elf archers
  2 sun moths (Spider:4)
  An arcanist (Vaults:1)
  4 ironbound convokers
  2 mana vipers (Zot:4)
  3 orc knights
  7 necromancers
  4 harpies
  5 phantasmal warriors
  5 orc sorcerers
  3 steelbarb worms
  A bunyip skeleton (Abyss:1)
  10 deep elf pyromancers
  10 deep elf zephyrmancers
  7 ugly things
  9 wolf spiders
  A frost giant zombie (Depths:1)
  A mana viper (shapeshifter) (Vaults:5)
  A stone giant zombie (Vaults:3)
  4 cyclopes
  9 fauns
  A tengu skeleton (Vaults:5)
  3 shining eyes
  11 moths of wrath
  11 manticores
  2 apocalypse crabs (Abyss:1)
  A guardian serpent (Depths:4)
  A black mamba (Lair:5)
  A kobold blastminer (Orc:2)
  2 eyes of devastation
  6 water nymphs
  3 orange demons
  11 smoke demons
  2 torpor snails
  12 elephants
  8 vault sentinels
  13 merfolk sirens
  3 cane toads
  A kobold demonologist (D:13)
  3 komodo dragons (Lair:5)
  8 large abominations
  A rime drake (Lair:5)
  2 efreet
  An unseen horror (Abyss:1)
  8 yaktaurs
  2 tormentors (WizLab)
  A red devil (WizLab)
  4 tengu conjurers
  13 merfolk
  7 wind drakes
  3 ancient zymes
  A hellwing (WizLab)
  9 tarantellas
  A spriggan skeleton (Depths:1)
  6 trolls (Zot:3)
  A tyrant leech (Lair:5)
  6 hornets
  A polar bear (Lair:2)
  A hornet (shapeshifter) (D:15)
  15 raiju
  A glass eye (shapeshifter) (Depths:4)
  12 blink frogs
  5 dream sheep
  7 snapping turtles
  A snapping turtle (shapeshifter) (Vaults:5)
  3 glass eyes
  A human simulacrum (Vaults:4)
  26 slime creatures
  A spriggan (shapeshifter) (Elf:1)
  2 wraiths
  4 culicivoras
  A spriggan (Depths:2)
  16 jumping spiders
  19 water elementals
  4 air elementals
  18 yaks
  2 ynoxinuls
  A basilisk (D:12)
  2 vampire mosquitoes (Lair:5)
  4 neqoxecs
  A steam dragon (D:8)
  8 golden eyes
  26 redbacks
  2 chaos spawn
  3 spatial vortices
  2 nagas (Depths:4)
  3 swamp worms (Lair:4)
  A culicivora (shapeshifter) (Vaults:5)
  A swamp worm (shapeshifter) (Vaults:5)
  8 water moccasins
  A sky beast (D:7)
  7 orc warriors
  A black bear (Lair:1)
  An ice beast (D:8)
  3 ogres
  A boggart (Vaults:2)
  An ettin simulacrum (Vaults:3)
  6 small abominations
  9 laughing skulls
  2 wolves (Lair:3)
  4 centaurs (D:14)
  A weeping skull (Abyss:1)
  5 brain worms
  7 bullfrogs
  A scorpion (D:7)
  A glowing shapeshifter simulacrum (Vaults:4)
  An earth elemental (Elf:1)
  A wight (D:7)
  3 killer bees (D:9)
  A nameless horror (Shoals:4)
  An electric eel (Lair:2)
  A quasit (Abyss:1)
  2 jellies (Lair:4)
  22 orc priests
  A sleepcap (D:8)
  An iguana (D:7)
  22 orc wizards
  A boggart simulacrum (D:13)
  2 ufetubi (Abyss:1)
  27 orcs
  A jackal (D:7)
  A foxfire (D:1)
  A lurking horror (Abyss:1)
  2 starspawn tentacles
  3 tentacles (Shoals:2)
1051 creatures vanquished.

Vanquished Creatures (others)
  A tengu reaver (Vaults:2)
  2 red draconians
  A tarantella (Spider:1)
  A raiju (Abyss:5)
  A slime creature (Slime:4)
  A culicivora (Spider:2)
  A jumping spider (Spider:1)
  A water elemental (Elf:2)
  78 battlemagi
  2 orc wizards (Orc:2)
  8 ancestors
  A nameless horror (Zot:5)
  165 foxfires
  2 lurking horrors
  19 snaplasher vines
  13 starspawn tentacles
  5 tentacles (Shoals:2)
302 creatures vanquished.

Grand Total: 2809 creatures vanquished

Notes
Turn   | Place    | Note
-------+----------+-------------------------------------------
     0 | D:1      | iamserjio the Vampire Fire Elementalist began the quest for
                  | the Orb.
     0 | D:1      | Reached XP level 1. HP: 13/13 MP: 3/3
   258 | D:1      | Reached XP level 2. HP: 19/20 MP: 1/5
   305 | D:1      | Learned a level 2 spell: Scorch
   836 | D:2      | Reached skill level 1 in Fighting
   836 | D:2      | Reached skill level 1 in Long Blades
   890 | D:2      | Gained mutation: You are afflicted with vampirism and can
                  | become a bat while bloodless. [Vampire growth]
   890 | D:2      | Reached XP level 3. HP: 24/26 MP: 2/6
  1634 | D:2      | Learned a level 3 spell: Volatile Blastmotes
  1764 | D:2      | Identified a scroll of acquirement
  1989 | D:3      | Reached XP level 4. HP: 32/32 MP: 7/7
  2059 | D:3      | Reached skill level 1 in Evocations
  2595 | D:3      | Reached skill level 2 in Fighting
  2595 | D:3      | Reached XP level 5. HP: 24/38 MP: 5/8
  2707 | D:3      | Found a runed translucent door.
  2708 | D:3      | Noticed Crazy Yiuf
  3700 | D:4      | Noticed Menkaure
  3747 | D:4      | Killed Menkaure
  3748 | D:4      | Reached XP level 6. HP: 46/46 MP: 6/9
  4118 | D:4      | Identified the beast talisman of the Healing Gods {rPois
                  | Will+++ Int-2 Slay-6}
  4234 | D:4      | Reached skill level 3 in Fighting
  4431 | D:4      | Reached XP level 7. HP: 39/53 MP: 1/10
  5255 | D:4      | Reached skill level 4 in Fighting
  5814 | D:4      | Reached skill level 5 in Long Blades
  5903 | D:4      | Found a hazy altar of Hepliaklqana.
  5908 | D:4      | Became a worshipper of Hepliaklqana the Forgotten
  5968 | D:5      | Entered Level 5 of the Dungeon
  6085 | D:5      | Found a shimmering altar of Xom.
  6186 | D:5      | Found a sand-covered staircase.
  6258 | Ossuary  | Entered an ossuary
  6537 | D:5      | Reached XP level 8. HP: 61/61 MP: 1/11
  6629 | D:5      | Reached skill level 5 in Fighting
  7216 | D:5      | Learned a level 3 spell: Inner Flame
  7225 | D:6      | Found Sick's Jewellery Boutique.
  7630 | D:6      | Reached * piety under Hepliaklqana
  8327 | D:6      | Found a shimmering blue altar of Sif Muna.
  9060 | D:6      | Gained mutation: Your system is resistant to poisons.
                  | (rPois) [potion of mutation]
  9060 | D:6      | Gained mutation: You are agile. (Dex +4, Str/Int -1)
                  | [potion of mutation]
  9060 | D:6      | Gained mutation: Your muscles are strong. (Str +4, Int/Dex
                  | -1) [potion of mutation]
  9618 | D:6      | Acquired 706 gold pieces
  9620 | D:6      | Bought an amulet of guardian spirit for 330 gold pieces
  9620 | D:6      | Bought a +5 ring of evasion for 396 gold pieces
  9620 | D:6      | Bought a +5 ring of evasion for 396 gold pieces
  9960 | D:6      | Reached XP level 9. HP: 51/62 MP: 1/12
 10277 | D:6      | Found a shimmering blue altar of Sif Muna.
 10341 | D:7      | Reached skill level 6 in Fighting
 10371 | D:7      | Found a staircase to the Ecumenical Temple.
 10381 | D:7      | Found a runed translucent gate.
 10383 | D:7      | Noticed Millikuen's ghost (novice MiFi)
 10388 | D:7      | Found a runed translucent gate.
 10388 | D:7      | Found a runed translucent gate.
 10482 | Temple   | Entered the Ecumenical Temple
 10497 | D:7      | Reached skill level 5 in Dodging
 10814 | D:7      | Found a sacrificial altar of Ru.
 11292 | D:7      | Noticed Maggie
 11299 | D:7      | Maggie changed into Maggie the jackal
 11299 | D:7      | Noticed Maggie
 11300 | D:7      | Killed Maggie the jackal
 11706 | D:3      | Killed Crazy Yiuf
 11909 | D:8      | Noticed Prince Ribbit
 11912 | D:8      | Killed Prince Ribbit
 12079 | D:8      | Reached skill level 7 in Fighting
 12079 | D:8      | Reached skill level 10 in Long Blades
 12085 | D:8      | Reached XP level 10. HP: 70/71 MP: 13/13
 12349 | D:8      | Reached ** piety under Hepliaklqana
 12350 | D:8      | Remembered your ancestor Cynebald as a battlemage
 12454 | D:8      | Noticed Erica
 12865 | D:9      | Noticed a death yak
 12870 | D:9      | Noticed a death yak
 12871 | D:9      | Noticed a death yak
 12876 | D:9      | Killed a death yak
 12896 | D:9      | Killed a death yak
 12951 | D:9      | Reached skill level 8 in Fighting
 12969 | D:9      | Killed a death yak
 13003 | D:8      | Reached XP level 11. HP: 54/77 MP: 10/14
 13076 | D:9      | Found a staircase to the Lair.
 13346 | D:10     | Entered Level 10 of the Dungeon
 13399 | D:10     | Found a staircase to the Orcish Mines.
 13644 | D:10     | Identified the amulet "Esmul" {Acrobat rF+++ Str+3 Int-2
                  | Slay+2}
 13781 | D:10     | Noticed a two-headed ogre
 13788 | D:10     | Killed a two-headed ogre
 14120 | D:11     | Noticed a boulder beetle
 14327 | D:11     | Noticed a boulder beetle
 14336 | D:11     | Killed a boulder beetle
 14337 | D:11     | Reached skill level 9 in Fighting
 14421 | D:11     | Noticed a boulder beetle
 14439 | D:11     | Killed a boulder beetle
 15017 | Lair:1   | Entered Level 1 of the Lair of Beasts
 15135 | Lair:1   | Noticed a four-headed hydra
 15388 | D:8      | Killed Erica
 15609 | D:12     | Noticed a green ugly thing
 15622 | D:12     | Killed a green ugly thing
 15623 | D:12     | Reached skill level 10 in Dodging
 15623 | D:12     | Reached XP level 12. HP: 82/86 MP: 13/15
 15754 | D:12     | Reached *** piety under Hepliaklqana
 16245 | Lair:1   | Killed a one-headed hydra
 16290 | Lair:1   | Reached skill level 10 in Fighting
 16796 | Lair:1   | You fall into a shaft and drop 1 floor!
 16829 | Lair:2   | Noticed a six-headed hydra
 16840 | Lair:2   | Killed a four-headed hydra
 16860 | Lair:2   | Reached skill level 11 in Fighting
 17093 | Lair:2   | Reached skill level 12 in Fighting
 17160 | Lair:2   | Noticed a death yak
 17161 | Lair:2   | Noticed a catoblepas
 17167 | Lair:2   | Noticed a death yak
 17167 | Lair:2   | Noticed a death yak
 17167 | Lair:2   | Noticed a death yak
 17406 | Lair:2   | Noticed a death yak
 17420 | Lair:2   | Killed a death yak
 17421 | Lair:2   | Reached XP level 13. HP: 98/98 MP: 16/16
 17433 | Lair:2   | Reached skill level 13 in Fighting
 18771 | Lair:1   | Reached **** piety under Hepliaklqana
 18962 | Lair:3   | Reached skill level 14 in Fighting
 18986 | Lair:3   | Found a staircase to the Shoals.
 19009 | Lair:3   | Learned a level 4 spell: Vhi's Electric Charge
 19016 | Lair:3   | Learned a level 4 spell: Passage of Golubria
 19160 | Lair:3   | Reached skill level 1 in Invocations
 19731 | Lair:3   | Found a hole to the Spider Nest.
 20486 | Lair:3   | Reached skill level 5 in Invocations
 20529 | Lair:3   | Reached XP level 14. HP: 108/108 MP: 12/17
 20860 | Lair:4   | Reached skill level 1 in Armour
 21179 | Lair:4   | Found a staircase to the Slime Pits.
 21194 | Lair:4   | Found a viscous altar of Jiyva.
 21381 | Lair:4   | Found a transporter.
 21547 | Lair:4   | Found a transporter.
 21782 | Lair:4   | Learned a level 4 spell: Manifold Assault
 21783 | Lair:5   | Entered Level 5 of the Lair of Beasts
 21786 | Lair:5   | Reached ***** piety under Hepliaklqana
 21921 | Lair:5   | Reached skill level 15 in Fighting
 22094 | Lair:5   | Reached skill level 5 in Armour
 22671 | Lair:5   | Reached skill level 16 in Fighting
 23338 | D:13     | Noticed Urug
 23345 | D:13     | Killed Urug
 23346 | D:13     | Reached XP level 15. HP: 117/117 MP: 19/19
 23357 | D:13     | Identified the blade talisman "Keworeff" {Int+2}
 23847 | D:14     | Reached skill level 1 in Shields
 24205 | D:14     | Found a gate to the Vaults.
 24238 | D:14     | Found a flickering gateway to a bazaar.
 24244 | Bazaar   | Entered a bazaar
 24248 | Bazaar   | Found Gyckime's Antique Weapon Boutique.
 24270 | Bazaar   | Found Luavatui's Armour Emporium.
 24291 | Bazaar   | Found Fijuig's Antique Weapon Boutique.
 24311 | Bazaar   | Found Hoiw's Antique Weapon Shoppe.
 24338 | Bazaar   | Bought a glowing scimitar for 126 gold pieces
 24417 | D:14     | Identified the +5 rapier "Ogre's Demise" {venom, rC- Will+
                  | Int+3 Stlth+}
 24473 | D:14     | Found a shimmering blue altar of Sif Muna.
 24499 | D:14     | Found a runed translucent door.
 24500 | D:14     | Found a shimmering altar of Xom.
 24500 | D:14     | Noticed flestrin's ghost (journeyman TrBe)
 24644 | D:15     | Entered Level 15 of the Dungeon
 24940 | D:15     | Found a portal to a secret trove of treasure.
 25701 | D:15     | Found a runed translucent gate.
 25701 | D:15     | Found a runed translucent gate.
 25701 | D:15     | Found a runed translucent gate.
 25701 | D:15     | Noticed Kuralita's ghost (journeyman OpSh)
 26156 | D:15     | Reached skill level 5 in Shields
 26182 | D:15     | Found a staircase to the Depths.
 26511 | D:7      | Killed Millikuen's ghost
 26628 | Orc:1    | Entered Level 1 of the Orcish Mines
 26726 | Orc:2    | Entered Level 2 of the Orcish Mines
 26741 | Orc:2    | Found a staircase to the Elven Halls.
 27378 | Orc:2    | Reached skill level 17 in Fighting
 28062 | Orc:2    | Found Pibutaar's Antique Weapon Shop.
 28062 | Orc:2    | Found Xiveu's General Store.
 28065 | Orc:2    | Found Vutueg's Assorted Antiques.
 28080 | Orc:2    | Found Toicsyann's Antique Weapon Shop.
 28083 | Orc:2    | Bought 2 potions of might for 112 gold pieces
 28086 | Orc:2    | Bought a worn brass wand for 140 gold pieces
 28086 | Orc:2    | Bought a potion of curing for 105 gold pieces
 28086 | Orc:2    | Bought a short fluorescent wand for 140 gold pieces
 28086 | Orc:2    | Bought a potion of curing for 105 gold pieces
 28255 | Orc:2    | Learned a level 5 spell: Summon Forest
 28610 | Elf:1    | Entered Level 1 of the Elven Halls
 28634 | Elf:1    | Reached skill level 1 in Summonings
 28775 | Elf:1    | Found a huge runed translucent gate.
 28776 | Elf:1    | Found a huge runed translucent gate.
 28777 | Elf:1    | Found a huge runed translucent gate.
 28777 | Elf:1    | Found a huge runed translucent gate.
 28778 | Elf:1    | Found a huge runed translucent gate.
 28784 | Elf:1    | Found a huge runed translucent gate.
 28784 | Elf:1    | Found a huge runed translucent gate.
 28784 | Elf:1    | Found a huge runed translucent gate.
 28784 | Elf:1    | Found a huge runed translucent gate.
 28784 | Elf:1    | Found a huge runed translucent gate.
 28786 | Elf:1    | Found a huge runed translucent gate.
 28786 | Elf:1    | Found a huge runed translucent gate.
 28786 | Elf:1    | Found a huge runed translucent gate.
 28786 | Elf:1    | Found a huge runed translucent gate.
 28786 | Elf:1    | Found a huge runed translucent gate.
 28786 | Elf:1    | Found a huge runed translucent gate.
 28786 | Elf:1    | Found a huge runed translucent gate.
 28786 | Elf:1    | Found a huge runed translucent gate.
 28834 | Elf:1    | Found a huge runed translucent gate.
 28834 | Elf:1    | Found a huge runed translucent gate.
 28836 | Elf:1    | Noticed a deep elf blademaster
 28856 | Elf:1    | Reached skill level 1 in Translocations
 29110 | Elf:1    | Reached XP level 16. HP: 77/126 MP: 14/20
 29227 | Elf:1    | Paralysed by an air elemental for 1 turns
 30475 | Elf:2    | Reached skill level 5 in Summonings
 31223 | Elf:2    | Found Xuned's Antique Weapon Shop.
 31343 | Elf:2    | Reached skill level 1 in Air Magic
 31507 | Elf:2    | Identified the ring "Igaitout" {Will+ SInv}
 31761 | Elf:2    | Got the Directory of The Trick To Life
 31808 | Elf:2    | Learned a level 3 spell: Ozocubu's Armour
 31808 | Elf:2    | Reached XP level 17. HP: 127/132 MP: 21/24
 31864 | Elf:2    | Paralysed by an air elemental for 1 turns
 31935 | Elf:2    | Found a runed translucent gate.
 31949 | Elf:2    | Reached skill level 5 in Spellcasting
 31990 | Elf:2    | Found a runed translucent gate.
 31991 | Elf:2    | Found a runed translucent gate.
 32220 | Elf:3    | Entered Level 3 of the Elven Halls
 32344 | Elf:3    | Identified the serpent talisman of Recklessness {Dex+3}
 32344 | Elf:3    | Noticed Aizul
 32353 | Elf:3    | Killed Aizul
 32354 | Elf:3    | Reached skill level 5 in Hexes
 32880 | Elf:3    | Found Welucleos's Distillery.
 32884 | Elf:3    | Bought 2 potions of curing for 96 gold pieces
 32884 | Elf:3    | Bought a potion of curing for 48 gold pieces
 32884 | Elf:3    | Bought a potion of mutation for 128 gold pieces
 32884 | Elf:3    | Bought a potion of enlightenment for 80 gold pieces
 32884 | Elf:3    | Bought a potion of curing for 48 gold pieces
 32884 | Elf:3    | Bought a potion of might for 64 gold pieces
 32886 | Elf:3    | Learned a level 1 spell: Apportation
 32892 | Elf:3    | Learned a level 5 spell: Summon Mana Viper
 33159 | Spider:1 | Entered Level 1 of the Spider Nest
 33472 | Spider:1 | Reached skill level 10 in Shields
 34089 | Spider:1 | Reached XP level 18. HP: 131/138 MP: 23/26
 34599 | Spider:2 | Noticed Louise
 34599 | Spider:2 | Noticed Mlioglotl
 35176 | Spider:1 | Killed Mlioglotl
 35242 | Spider:1 | Killed Louise
 36159 | Spider:2 | Reached skill level 5 in Translocations
 37174 | Spider:3 | Paralysed by a jorogumo for 1 turns
 37303 | Spider:4 | Entered Level 4 of the Spider Nest
 37345 | Spider:4 | Reached skill level 10 in Summonings
 38682 | Spider:4 | Reached XP level 19. HP: 142/144 MP: 19/31
 38902 | Spider:4 | Reached skill level 10 in Hexes
 38969 | Spider:4 | Got a gossamer rune of Zot
 39112 | Spider:4 | Learned a level 3 spell: Passwall
 39119 | Spider:4 | Learned a level 6 spell: Summon Cactus Giant
 39255 | Shoals:1 | Entered Level 1 of the Shoals
 39982 | Shoals:2 | Found Casifen's Book Boutique.
 40042 | Shoals:2 | Noticed Ilsuiw
 40051 | Shoals:2 | Killed Ilsuiw
 40447 | Shoals:2 | Noticed Nikola
 40625 | Shoals:2 | Killed Nikola
 41473 | Shoals:4 | Entered Level 4 of the Shoals
 41709 | Shoals:4 | Paralysed by an air elemental for 1 turns
 41717 | Shoals:4 | Reached skill level 10 in Spellcasting
 42181 | Shoals:4 | Noticed Donald
 42192 | Shoals:4 | Killed Donald
 42319 | Shoals:4 | Paralysed by an air elemental for 1 turns
 42327 | Shoals:4 | Paralysed by an air elemental for 1 turns
 43511 | Shoals:4 | Identified the +9 scale mail of the Dragon {+Inv Str+2
                  | Int-4 Dex+3}
 43539 | Shoals:4 | Identified the amulet "Qaafis" {Reflect rElec Str+5 SH+5}
 43545 | Shoals:4 | Paralysed by an air elemental for 1 turns
 43549 | Shoals:4 | Reached skill level 18 in Fighting
 43736 | Shoals:4 | Reached XP level 20. HP: 153/153 MP: 34/34
 43770 | Shoals:4 | Identified the ring "Hacs" {rPois AC+4}
 44078 | Shoals:4 | Got a barnacled rune of Zot
 44760 | D:14     | Killed flestrin's ghost
 44871 | D:15     | Killed Kuralita's ghost
 44886 | D:15     | Identified the +8 executioner's axe of Beyond {pain, Str+4}
 46061 | Elf:3    | Reached skill level 15 in Dodging
 46472 | Elf:3    | Identified the +9 flail of the Eight Hosts {pain, Dex+3
                  | Stlth+}
 46562 | Elf:3    | Identified the +4 mace of the Final Decision {antimagic,
                  | rC+}
 46574 | Elf:3    | Identified the +3 rapier "Juc Haeqy" {holy, rElec}
 46575 | Elf:3    | Identified the +0 kite shield of Restlessness {Fly MP+9
                  | Int-5}
 47350 | Elf:3    | Identified the +2 longbow of Ointment {drain, rElec rPois
                  | rC+ Will-}
 47350 | Elf:3    | Identified the ring of Athos {Fire Will+ Str+3 Int+4 Dex-3}
 49338 | Elf:3    | Got the Volume of the Sepulchral Sphinx
 49447 | Elf:3    | Got the Omnibus of Algor and Battle Magic
 49448 | Elf:3    | Identified the +0 pair of boots "Mymism" {^Contam rF+ Will+
                  | Stlth+}
 49691 | Elf:3    | Found Welucleos's Distillery.
 50999 | D:6      | Bought the ring of Internal Strife {MP+9 Int+6 SInv} for
                  | 727 gold pieces
 51164 | Vaults:1 | Entered Level 1 of the Vaults
 51198 | Vaults:1 | Noticed Saint Roka
 51208 | Vaults:1 | Killed Saint Roka
 51312 | Vaults:1 | Noticed Zenata
 51438 | Vaults:1 | Found Venorr's Jewellery Emporium.
 51525 | Vaults:1 | Identified the +5 ring mail of Altruism {*Slow rF++ Str+5}
 51819 | Vaults:1 | Reached skill level 5 in Evocations
 52022 | Vaults:1 | Identified the scarf of the Beggar {+Inv, rC+}
 52650 | Vaults:2 | Found a magical portal.
 52656 | WizLab   | Entered The Hall of the Hellbinder
 52702 | WizLab   | Reached XP level 21. HP: 96/160 MP: 35/35
 53039 | WizLab   | Got the Discourse on the Throng
 53073 | WizLab   | Found a burning altar of Makhleb.
 53110 | WizLab   | Noticed Woitir Kikar
 53119 | WizLab   | Killed Woitir Kikar the Hellbinder
 53213 | WizLab   | Got Ata Haqemo's Codex of the Gang
 53627 | Vaults:2 | Found a staircase to the Crypt.
 53920 | Vaults:2 | Noticed Sojobo
 53929 | Vaults:2 | Killed Sojobo
 54062 | Vaults:2 | Noticed Xtahua
 54075 | Vaults:2 | Killed Xtahua
 54404 | Vaults:2 | Reached skill level 15 in Summonings
 54449 | Vaults:2 | Reached skill level 19 in Fighting
 54797 | Vaults:3 | Reached skill level 15 in Long Blades
 54954 | Vaults:3 | Found Boacwaf's Assorted Antiques.
 54962 | Vaults:3 | Bought a potion of heal wounds for 215 gold pieces
 54975 | Vaults:3 | Found Zella's Assorted Antiques.
 54979 | Vaults:3 | Found Leibib's Jewellery Emporium.
 54982 | Vaults:3 | Bought a scroll of summoning for 323 gold pieces
 54982 | Vaults:3 | Bought a potion of invisibility for 272 gold pieces
 55071 | Vaults:3 | Found Enizeist's Book Emporium.
 55084 | Vaults:3 | Bought a manual of Dodging for 1120 gold pieces
 55526 | Vaults:3 | Paralysed by a formless jellyfish for 1 turns
 55913 | Vaults:3 | Found Bafrequn's Magic Scroll Emporium.
 55916 | Vaults:3 | Bought a scroll of blinking for 105 gold pieces
 55916 | Vaults:3 | Bought a scroll of fog for 56 gold pieces
 55916 | Vaults:3 | Bought a scroll of teleportation for 42 gold pieces
 55916 | Vaults:3 | Bought a scroll of fog for 56 gold pieces
 56550 | Vaults:2 | Found a staircase to the Crypt.
 57274 | Vaults:2 | Killed Zenata
 57528 | Vaults:1 | Reached XP level 22. HP: 148/169 MP: 36/36
 57615 | Vaults:1 | Found Venorr's Jewellery Emporium.
 58245 | Vaults:4 | Noticed Bai Suzhen
 58264 | Vaults:4 | Killed Bai Suzhen
 58308 | Vaults:4 | Identified the +8 war axe of the Distant Future {venom,
                  | MP+9}
 58355 | Vaults:4 | Noticed Boris
 58370 | Vaults:4 | Killed Boris
 58754 | Vaults:4 | Identified the +10 plate armour "Reatouf" {Dex+4}
 58971 | Vaults:4 | Found Riecih's Weapon Shop.
 59699 | Depths:1 | Entered Level 1 of the Depths
 59998 | Depths:1 | Noticed Asterion
 60009 | Depths:1 | Killed Asterion
 60078 | Depths:1 | Found a snail-covered altar of Cheibriados.
 60673 | Depths:1 | Found a gateway to Hell.
 60719 | Depths:1 | Found a one-way gate leading to the halls of Pandemonium.
 60971 | Depths:2 | Found a shadowy altar of Dithmenos.
 61058 | Depths:2 | Found Piasiez's Armour Emporium.
 61084 | Depths:2 | Reached skill level 20 in Fighting
 61764 | Depths:2 | Found Ypunwig's Book Shop.
 61768 | Depths:2 | Bought a book of Spatial Translocations for 360 gold pieces
 61771 | Depths:2 | Learned a level 2 spell: Blink
 61774 | Depths:2 | Learned a level 2 spell: Lesser Beckoning
 61850 | Depths:2 | Found a one-way gate to the infinite horrors of the Abyss.
 61964 | Depths:2 | Found Ider's Book Shoppe.
 61964 | Depths:2 | Found Ceyzairch's Jewellery Shop.
 61965 | Depths:2 | Found Vyesaegh's Jewellery Shop.
 62137 | Depths:2 | Found Nuukle Zuewo's Weapon Boutique.
 62148 | Depths:2 | Bought a throwing net for 57 gold pieces
 62184 | Depths:2 | Found Ysathehi's Distillery.
 62192 | Depths:2 | Bought a potion of might for 92 gold pieces
 62192 | Depths:2 | Bought a potion of might for 92 gold pieces
 62310 | Depths:2 | Found Mimmuhos's General Store.
 62314 | Depths:2 | Bought a potion of invisibility for 96 gold pieces
 62319 | Depths:2 | Identified the +4 short sword "Globulus" {flame, rElec
                  | rPois rF- Stlth-}
 62437 | Depths:3 | Noticed lmSkywalker's ghost (adept DrSh)
 62528 | Depths:3 | Reached XP level 23. HP: 172/177 MP: 38/38
 62544 | Depths:3 | You fall into a shaft and drop 1 floor!
 62544 | Depths:4 | Entered Level 4 of the Depths
 62721 | Depths:4 | Reached skill level 5 in Air Magic
 62857 | Depths:4 | Noticed a caustic shrike
 62865 | Depths:4 | Killed a caustic shrike
 63019 | Depths:4 | Identified the +7 leather armour of Doqanad {Dex+4}
 63156 | Depths:4 | Identified the ring "Imoic Nee" {rElec rC+}
 63439 | Depths:4 | Identified the ring of Music {Ice rElec Int+2 Dex+4}
 63565 | Depths:4 | Found a transporter.
 63565 | Depths:4 | Noticed a caustic shrike
 63565 | Depths:4 | Identified the ring "Onicixt" {rF- Will+++ MP+9 Str+4
                  | Slay+3}
 63575 | Depths:4 | Killed a caustic shrike
 63657 | Depths:4 | Found a transporter.
 63721 | Depths:4 | Noticed a caustic shrike
 63731 | Depths:4 | Killed a caustic shrike
 63801 | Depths:4 | Found a one-way gateway to a ziggurat.
 63969 | Depths:4 | Found a gate to the Realm of Zot.
 64108 | Depths:4 | Noticed a dread lich
 64121 | Depths:4 | Killed a dread lich
 64208 | Depths:3 | Noticed Vv
 64234 | Depths:3 | Killed Vv
 64282 | Depths:3 | Noticed Boris
 64442 | Depths:3 | Killed Boris
 64455 | Depths:3 | Identified the amulet "Fiyh Pamivo" {Faith rPois}
 64466 | Depths:3 | Identified the +6 morningstar "Ysodufel" {vamp, Will+}
 64470 | Depths:3 | Found a transporter.
 64470 | Depths:3 | Noticed a dread lich
 64574 | Depths:3 | Found a transporter.
 64696 | Depths:3 | Reached skill level 21 in Fighting
 64954 | Depths:3 | Found Memijuaj's Magic Scroll Emporium.
 65058 | Depths:3 | Identified the +9 broad axe "Camodeac" {venom, rElec}
 65807 | D:14     | Learned a level 4 spell: Summon Lightning Spire
 66219 | Slime:1  | Entered Level 1 of the Pits of Slime
 66332 | Slime:4  | Reached XP level 24. HP: 161/187 MP: 38/38
 66374 | Slime:5  | Entered Level 5 of the Pits of Slime
 66398 | Slime:5  | Noticed the Royal Jelly
 66434 | Slime:5  | Killed the Royal Jelly
 66435 | Slime:5  | Reached skill level 10 in Armour
 66501 | Slime:5  | Gained mutation: You sometimes lose your temper in combat.
                  | [a shining eye]
 66641 | Slime:5  | Identified the +0 chain mail of Sukliges {*Slow +Blink
                  | rPois Slay+2}
 66648 | Slime:5  | Identified the +0 chain mail "Guneivel" {+Blink rC+ Will+
                  | Int-5}
 66799 | Slime:5  | Got a slimy rune of Zot
 66802 | Slime:5  | Identified the staff "Kasud" {rF+ Int+3 Tloc Fire}
 66803 | Slime:5  | Got a starry gem with 47 turns to spare
 67217 | Depths:2 | Bought the ring "Ofycrai" {rC+ EV+5 Dex+2 Stlth+} for 912
                  | gold pieces
 67490 | Vaults:5 | Entered Level 5 of the Vaults
 67556 | Vaults:4 | Lost mutation: Your system is resistant to poisons. (rPois)
                  | [potion of mutation]
 67556 | Vaults:4 | Lost mutation: You sometimes lose your temper in combat.
                  | [potion of mutation]
 67556 | Vaults:4 | Gained mutation: You are dopey. (Int -2) [potion of
                  | mutation]
 67556 | Vaults:4 | Gained mutation: You have a pair of small antennae on your
                  | head. [potion of mutation]
 67658 | Vaults:5 | Noticed a dread lich
 67972 | Vaults:5 | Reached skill level 1 in Earth Magic
 68250 | Vaults:5 | Identified the +7 scimitar of Zemp {protect, ^Contam rF+
                  | Dex+3}
 68446 | Vaults:5 | Got a silver rune of Zot
 68461 | Vaults:5 | Killed a dread lich
 68574 | Vaults:5 | Identified the +2 robe of Litwuf {rPois rC+++ Int+4 Dex-5}
 69181 | Vaults:5 | Noticed an ancient lich
 69192 | Vaults:5 | Killed an ancient lich
 69335 | Vaults:5 | Lost mutation: You are dopey. (Int -2) [potion of mutation]
 69335 | Vaults:5 | Lost mutation: You are agile. (Dex +4, Str/Int -1) [potion
                  | of mutation]
 69335 | Vaults:5 | Gained mutation: Your magical capacity is low. (-10% MP)
                  | [potion of mutation]
 69336 | Vaults:5 | Lost mutation: Your magical capacity is low. (-10% MP)
                  | [potion of mutation]
 69336 | Vaults:5 | Lost mutation: Your muscles are strong. (Str +4, Int/Dex
                  | -1) [potion of mutation]
 69336 | Vaults:5 | Lost mutation: You have a pair of small antennae on your
                  | head. [potion of mutation]
 69336 | Vaults:5 | Gained mutation: You are strong-willed. (Will+) [potion of
                  | mutation]
 69336 | Vaults:5 | Gained mutation: You expend magic power (3 MP) to
                  | strengthen your wands. [potion of mutation]
 69413 | Vaults:5 | Identified the +7 ring mail of Impressiveness {rN+ Regen+
                  | Dex+3}
 69586 | Vaults:5 | Identified the ring "Qayrgh" {+Blink rF+ rC- rCorr Int+6}
 69833 | Vaults:5 | Reached XP level 25. HP: 174/187 MP: 39/39
 69965 | Vaults:5 | Identified the ring "Jixo" {rF+ Will+++ EV+5 Int-4 Dex+2}
 70326 | Vaults:5 | Reached skill level 5 in Earth Magic
 71741 | Depths:2 | Bought a potion of heal wounds for 115 gold pieces
 71741 | Depths:2 | Bought a potion of haste for 230 gold pieces
 71741 | Depths:2 | Bought a potion of haste for 230 gold pieces
 71741 | Depths:2 | Bought a potion of haste for 230 gold pieces
 71831 | Depths:2 | Voluntarily entered the Abyss.
 71999 | Abyss:1  | Found a corrupted altar of Lugonu.
 72149 | Abyss:1  | Found a corrupted altar of Lugonu.
 72168 | Abyss:1  | Found a corrupted altar of Lugonu.
 72174 | Abyss:1  | Found a corrupted altar of Lugonu.
 72174 | Abyss:1  | Found a corrupted altar of Lugonu.
 72210 | Abyss:1  | Reached ****** piety under Hepliaklqana
 72912 | Depths:2 | Escaped the Abyss
 73260 | Abyss:5  | Cast into level 5 of the Abyss (unwielding a weapon of
                  | distortion)
 73281 | Abyss:5  | Noticed a dread lich
 73289 | Abyss:5  | Killed a dread lich
 73377 | Abyss:5  | Reached skill level 22 in Fighting
 73546 | Abyss:5  | Got an abyssal rune of Zot
 73938 | Shoals:4 | Escaped the Abyss
 74443 | Zot:1    | Entered Level 1 of the Realm of Zot
 74892 | Zot:2    | Noticed an orb of fire
 75779 | Zot:3    | Reached XP level 26. HP: 188/201 MP: 26/39
 77099 | Zot:3    | Reached skill level 10 in Invocations
 77109 | Zot:3    | Reached skill level 10 in Evocations
 77342 | Zot:5    | Entered Level 5 of the Realm of Zot
 77620 | Zot:5    | Gained mutation: You occasionally lose the ability to drink
                  | potions when taking damage. [mutagenic glow]
 78552 | Zot:5    | Learned a level 7 spell: Monstrous Menagerie
 78917 | Zot:5    | Noticed a dread lich
 78928 | Zot:5    | Killed a dread lich
 79076 | Zot:5    | Noticed an ancient lich
 79092 | Zot:5    | Killed an ancient lich
 79282 | Zot:5    | Noticed an orb of fire
 79294 | Zot:5    | Killed an orb of fire
 79325 | Zot:5    | Noticed a dread lich
 79338 | Zot:5    | Killed a dread lich
 79376 | Zot:5    | Noticed a dread lich
 79384 | Zot:5    | Killed a dread lich
 79394 | Zot:5    | Noticed an ancient lich
 79404 | Zot:5    | Killed an ancient lich
 79705 | Zot:5    | Reached skill level 15 in Armour
 79819 | Zot:5    | Reached XP level 27. HP: 207/207 MP: 39/39
 79832 | Zot:5    | Noticed an ancient lich
 79850 | Zot:5    | Killed an ancient lich
 79852 | Zot:5    | Noticed an ancient lich
 79896 | Zot:5    | Killed an ancient lich
 79932 | Zot:5    | Noticed an orb of fire
 79964 | Zot:5    | Killed an orb of fire
 80371 | Zot:5    | Noticed an ancient lich
 80379 | Zot:5    | Killed an ancient lich
 80490 | Zot:5    | Got the Orb of Zot
 80882 | D:12     | Identified the +0 tower shield of the Evening Star {Str+3
                  | Dex+3}
 81047 | D:5      | Noticed Hiedausira the pandemonium lord
 81134 | D:$      | Escaped with the Orb!

Illustrated notes

Levels and vault maps discovered:
D:1:      dpeg_arrival_three_smaller_balls, layout_basic, minmay_heptomino_d4
D:2:      layout_rooms
D:3:      kb_forest_paths, layout_basic, uniq_crazy_yiuf_cottage
D:4:      layout_layer_cave, nicolae_hepliaklqana_hippocampus,
          guppyfry_early_orc_mine, uniq_menkaure
D:5:      layout_loops_cross, nicolae_overflow_hidden_temple,
          nicolae_ossuary_entry_giza
D:6:      layout_loops_ring, gammafunk_temple_overflow_statue, serial_shops,
          shop
D:7:      layout_gridville, overflow_temple_1_default,
          minmay_temple_entry_proselytizer, gammafunk_ghost_split, uniq_maggie
D:8:      layout_loops_ring, nicolae_twisty_statue_hallways,
          uniq_prince_ribbit1, uniq_erica
D:9:      layout_basic, dpeg_lair_monsters
D:10:     layout_basic, david_orc_2
D:11:     layout_loops_ring, nicolae_zen_rock_garden
D:12:     layout_roguey
D:13:     layout_basic, uniq_urug
D:14:     layout_cave_pools, hellmonk_vaults_order_and_chaos, serial_shops,
          bzr_entry_safe, ebering_ghost_xom, nicolae_sif_muna_condensation
D:15:     grunt_enter_depths_hoard, layout_cross, ebering_ghost_rock_garden,
          trove_entry_hex_spiral, tso_oasis_becter
Temple:   nicolae_temple_bog_church
Lair:1:   layout_layer_cave, wad_woods_06, lemuel_fruit_tree, grunt_megastairs_4
Lair:2:   statuecave_lemuel, layout_loops_ring, nicolae_lair_grazing_beasts
          [nicolae_sub_lair_graze_edge, nicolae_sub_lair_graze_edge,
          nicolae_sub_lair_graze_edge, nicolae_sub_lair_graze_edge]
Lair:3:   cheibrodos_lair_overgrown_chateau, layout_layer_cave,
          minmay_shoals_entry_hut, dummy_spider_entry
Lair:4:   gammafunk_worm_tunnel, layout_long_grid,
          nicolae_slime_entry_field_trip
Lair:5:   minmay_lair_end_frog_pond, layout_regular_city
Shoals:1: layout_shoals
Shoals:2: layout_shoals, serial_shops, nicolae_shop_waterfront, uniq_nikola,
          uniq_ilsuiw
Shoals:3: layout_shoals
Shoals:4: shoals_end_hellmonk_storm_palace [storm_palace_center_ruins,
          storm_palace_corner_reverse_hut, storm_palace_corner_pillars,
          storm_palace_corner_narrow, storm_palace_corner_pillars],
          serial_shops, uniq_donald
Spider:1: layout_spider_delve
Spider:2: layout_cave_pods, hellmonk_narrow_tunnel, uniq_louise, uniq_mlioglotl
Spider:3: layout_spider_delve
Spider:4: spider_rune_water
Slime:1:  nicolae_slime_infinislime, layout_caves
Slime:2:  cheibrodos_slime_lost_civilization_10, layout_caves,
          nicolae_slime_crime_time
Slime:3:  layout_caves, nicolae_slime_barrier
Slime:4:  layout_caves, nicolae_slime_rock_hall_of_fame
Slime:5:  slime_pit_nicolae_amoeboid
Orc:1:    layout_caves
Orc:2:    st_orc_mages, layout_diamond_mine
Elf:1:    nicolae_elf_arrival_no_cutting_in_line, layout_geoelf_grid,
          hangedman_elf_represent
Elf:2:    nicolae_elf_blades_splatter_lattice
          [nicolae_blade_entry_area_security], layout_gridlike, serial_shops,
          shop, hellmonk_elf_help
Elf:3:    elf_hall, layout_gridlike, serial_shops, nicolae_shop_back_alley_shop,
          uniq_aizul
Vaults:1: ontoclasm_vaults_tryst, nicolae_vaults_network_periphery,
          nicolae_vaults_alarming, nicolae_vaults_three_branches,
          nicolae_vaults_network_barrier, hangedman_vaults_corner_blocks,
          ontoclasm_vaults_shuriken, vaults_mumra_minichess_inversion,
          ontoclasm_vaults_fault, nicolae_vaults_closet_pinwheel_4,
          vaults_dpeg_cross, nicolae_vaults_shelves_hall,
          layout_vaults_omnicross, serial_shops, nicolae_shop_tiny_waterfront,
          uniq_zenata, uniq_saint_roka
Vaults:2: infiniplex_enter_wizlab_spiral, vaults_room_boxed,
          minmay_crypt_entry_simple_round, nicolae_vaults_mitosis,
          nicolae_vaults_security_offices_4, ontoclasm_vaults_ring_square,
          vaults_room_pools, nicolae_vaults_layer_cake_slice,
          nicolae_vaults_sesquioval_fish, nicolae_vaults_network_square,
          layout_vaults_ring, serial_glass, uniq_sojobo, uniq_xtahua
Vaults:3: nicolae_vaults_hexular_roomagon, vaults_mumra_lcd,
          ontoclasm_vaults_spin, v_rooms_1, ontoclasm_vaults_chip, v_misc_24,
          ontoclasm_vaults_misaligned, v_misc_1, ontoclasm_vaults_hangar,
          nicolae_vaults_stepped_doors, v_misc_18, ontoclasm_vaults_bender,
          layout_vaults_maze_bifur, serial_shops, nicolae_shop_tiny_waterfront,
          nicolae_shop_real_fake_doors, shop, nicolae_shop_waterfront,
          nicolae_square_shop
Vaults:4: nicolae_vaults_spaceships, ontoclasm_vaults_ring_square,
          nicolae_vaults_tetromino_T_2, nicolae_vaults_apartment_1,
          layout_vaults_omnigrid, serial_shops,
          nicolae_shop_bloodbath_and_beyond, uniq_bai_suzhen, uniq_boris
Vaults:5
Depths:1: layout_forbidden_donut, grunt_pan_entry_zigzag, hell_entry,
          cheibriados_altar_1, grunt_megastairs_1, uniq_asterion
Depths:2: kennysheep_blocky_room, layout_gridlike, rand_demon_pan_entry_3,
          hell_entry, serial_shops, nicolae_shop_crystal, shop_statue,
          nicolae_diamond_shop, nicolae_shop_window_shopping, shop,
          abyss_entry_small_statue_room, nicolae_dithmenos_shadow_blocks,
          minmay_shop_grove
Depths:3: minmay_distorted_concentric_squares, layout_basic,
          gammafunk_ghost_abyssal_escape, zin_angel, abyss_entry_crystal,
          hell_entry, serial_shops, nicolae_shop_just_a_little_nook,
          kennysheep_kite_vault, serial_bayou_shore_b, uniq_vv
Depths:4: hangedman_spin_cycle, abyss_entry, pan_entry, hell_entry
Zot:1:    layout_gridlike, regret_index_zotdec_tunneler
Zot:2:    layout_cathedral_of_symmetry, regret_index_zotdec_dark_gr
Zot:3:    lemuel_halls_of_wrath, layout_misc_corridors
Zot:4:    kennysheep_oblong_rooms, layout_onion
Zot:5:    layout_gridville, nicolae_zot_crop_circle

Skill      XL: |  1  2  3  4  5  6  7  8  9 10 11 12 13 14 15 16 17 18 19 20 21 22 23 24 25 26 27 |
---------------+----------------------------------------------------------------------------------+-----
Fighting       | 1 2 3 4 5 7 8 9 12 14 16 17 18 19 20 21 22 | 22.0
Long Blades    | 1 2 3 4 6 8 10 11 13 14 15 16 17 18 20 | 20.2
Evocations     | 1 2 5 6 7 8 12 | 12.0
Dodging        | 4 6 8 10 11 13 14 16 17 18 19 21 | 21.7
Invocations    | 5 6 8 9 11 | 11.0
Armour         | 5 6 8 9 10 14 15 | 15.0
Shields        | 7 9 10 11 12 | 12.0
Summonings     | 3 7 10 13 14 15 16 18 19 | 19.2
Translocations | 1 3 4 5 6 8 |  8.0
Spellcasting   | 4 5 8 10 11 12 | 12.0
Air Magic      | 1 2 4 6 |  6.1
Hexes          | 4 5 9 10 | 10.0
Earth Magic    | 4 5 |  5.0
Stealth        | |  3.0
Conjurations   | |  0.7
Fire Magic     | |  2.7

Action                     |  1- 3 |  4- 6 |  7- 9 | 10-12 | 13-15 | 16-18 | 19-21 | 22-24 | 25-27 || total
---------------------------+-------+-------+-------+-------+-------+-------+-------+-------+-------++-------
  Melee: Whip              |     4 |       |       |       |       |       |       |       |       ||     4
         Long sword        |    10 |       |    51 |       |       |       |       |       |       ||    61
         Bite              |     1 |     4 |    20 |    78 |   184 |   143 |   224 |   306 |   234 ||  1194
         Short sword       |       |    35 |     3 |       |       |       |       |       |       ||    38
         Punch             |       |       |     2 |     9 |    16 |       |       |       |       ||    27
         Scimitar          |       |       |   107 |   458 |  1045 |   805 |   773 |     8 |       ||  3196
         Rapier            |       |       |       |       |    87 |     4 |       |       |       ||    91
         Katana            |       |       |       |       |       |       |   466 |  1753 |  1206 ||  3425
   Fire: Sling             |    39 |       |       |       |       |       |       |       |       ||    39
  Throw: Dart              |       |       |     1 |     4 |     7 |       |       |       |       ||    12
   Cast: Foxfire           |    47 |    12 |    35 |       |       |       |       |       |       ||    94
         Scorch            |     1 |    28 |    73 |       |     5 |       |       |       |       ||   107
         Summon Mana Viper |       |       |       |       |       |       |    28 |    18 |    18 ||    64
         Summon Forest     |       |       |       |       |       |       |    14 |    15 |    10 ||    39
         Ozocubu's Armour  |       |       |       |       |       |       |     1 |       |       ||     1
         Apportation       |       |       |       |       |       |       |     4 |       |     2 ||     6
         Summon Cactus Gia |       |       |       |       |       |       |     2 |    11 |    15 ||    28
         Blink             |       |       |       |       |       |       |       |     1 |       ||     1
         Passwall          |       |       |       |       |       |       |       |       |     7 ||     7
 Invoke: Recall Ancestor   |       |       |    10 |    13 |    18 |    21 |    15 |     6 |    20 ||   103
         Ancestor Life: Ba |       |       |       |     1 |       |       |       |       |       ||     1
         Idealise          |       |       |       |       |    13 |     9 |    13 |     3 |    13 ||    51
  Evoke: Wand              |       |    19 |    19 |     3 |    15 |    41 |    12 |    14 |     8 ||   131
         Phantom mirror    |       |       |       |       |       |       |     1 |     2 |       ||     3
         Sack of spiders   |       |       |       |       |       |       |     1 |       |     1 ||     2
    Use: Potion            |     1 |     4 |     6 |       |     2 |    10 |    13 |     9 |    17 ||    62
         Scroll            |     4 |     4 |    16 |     9 |    20 |     9 |    17 |    25 |    22 ||   126
   Stab: Sleeping          |       |     1 |     1 |     5 |     2 |     3 |    10 |     5 |     1 ||    28
         Distracted        |       |       |       |     9 |    26 |    19 |    66 |    61 |    36 ||   217
         Invisible         |       |       |       |       |       |       |       |       |     9 ||     9
 Armour: Robe              |    22 |    31 |    65 |       |       |       |       |       |       ||   118
         Swamp dragon scal |       |       |     5 |   123 |   364 |   339 |   384 |    31 |       ||  1246
         Scale mail        |       |       |       |       |       |       |       |   330 |   229 ||   559
  Dodge: Dodged            |    34 |    27 |   147 |   433 |  1026 |   535 |   474 |   450 |   509 ||  3635
  Block: Kite shield       |       |       |       |       |   225 |   950 |  1125 |  1041 |   900 ||  4241
         Reflection        |       |       |       |       |       |       |    50 |    31 |    15 ||    96
